 Dungeon Crawl Stone Soup version 0.31-a0-640-g39d97e502b (webtiles) character file.

Game seed: 6174718189334337092

265 qw the Shooter (level 6, 0/37 HPs)
             Began as a Gargoyle Hunter on Aug 27, 2023.
             Killed by divine providence
             ... invoked by an orc priest
              (10 damage)
             ... on level 3 of the Dungeon.
             The game lasted 00:00:49 (1908 turns).

qw the Shooter (Gargoyle Hunter)                    Turns: 1908, Time: 00:00:50

Health: 0/37       AC: 10    Str: 15    XL:     6   Next: 20%
Magic:  6/6        EV: 17    Int:  9    God:
Gold:   158        SH:  0    Dex: 15    Spells: 5/5 levels left

rFire   . . .        Y - +0 shortbow
rCold   . . .        (shield currently unavailable)
rNeg    + . .        e - +2 animal skin
rPois   inf          f - +1 helmet
rElec   +            (no cloak)
rCorr   .            (no gloves)
SInv    .            (no boots)
Will    .....        (no amulet)
Stlth   ++           a - +5 ring of evasion
HPRegen 0.26/turn    (no ring)
MPRegen 0.10/turn

%: no passive effects
@: no status effects
A: sickness immunity, AC +4, negative energy resistance 1, electricity
resistance, torment resistance 1, petrification resistance
a: no special abilities


You were on level 3 of the Dungeon.
You visited 1 branch of the dungeon, and saw 3 of its levels.

You collected 158 gold pieces.


Innate Abilities, Weirdness & Mutations

You are immune to sickness and miasma.
Your stone body is resilient. (AC +4)
You are immune to poison.
You resist negative energy. (rN+)
You are resistant to electric shocks. (rElec)
You are resistant to unholy torment.
You are immune to petrification.


   Skills:
 + Level 3.0 Fighting
 - Level 7.0 Ranged Weapons
 - Level 1.5 Dodging
 - Level 1.1 Stealth


You had 5 spell levels left.
You didn't know any spells.
Your spell library was empty.

Inventory:

Hand Weapons
 Y - a +0 shortbow (weapon)
Armour
 e - a +2 animal skin (worn)
 f - a +1 helmet (worn)
 i - a scarf of invisibility
Jewellery
 a - a +5 ring of evasion (left hand)
Scrolls
 b - a scroll of teleportation {unknown}
 h - a scroll of identify
Potions
 c - a potion of mutation {unknown}
 d - 2 potions of curing {unknown}
 g - a potion of might {unknown}
 j - a potion of haste {unknown}
 k - a potion of brilliance {unknown}

Dungeon Overview and Level Annotations

Branches:
Dungeon (3/15)

Altars:


Message History

An endoplasm comes into view.
The orc priest invokes the aid of Beogh against you.
Pain shoots through your body!
An orc comes into view. It is wielding a +0 dagger.
You shoot an arrow. The arrow closely misses the bat.
The orc shouts!
The endoplasm quivers.
The bat barely misses you.
You shoot an arrow. The arrow hits the bat!
You kill the bat!
You shoot an arrow. The arrow hits the orc priest!
The orc priest is severely wounded.
You shoot an arrow.
The arrow closely misses the orc priest.
You shoot an arrow. The arrow hits the orc priest.
The orc priest is almost dead.
The orc priest invokes the aid of Beogh against you.
Beogh smites you!
You shoot an arrow.
The arrow closely misses the orc priest.
An orc priest comes into view.
It is wielding a +2 flail of holy wrath.
The endoplasm misses you.
You shoot an arrow. The arrow barely misses the orc.
The orc priest shouts!
The orc priest looks encouraged for a moment.
The endoplasm misses you.
You shoot an arrow.
The arrow hits the orc but does no damage.
The kobold throws a stone.
The stone closely misses you. The endoplasm completely misses you.
The orc priest looks encouraged for a moment.
You shoot an arrow.
The arrow hits the endoplasm but does no damage.
The kobold throws a stone.
The stone closely misses you. The orc hits you but does no damage.
The orc priest invokes the aid of Beogh against you.
Beogh smites you! The endoplasm completely misses you.
The orc priest calls down the wrath of Beogh upon you.
Beogh smites you!
You die...

........##.##.### ########.......
.....>.......... ...............
.......######.############.....(.
.................................
..............###################
............#.#.........
#######.....#...........
#.........o.......
#.....###.@.o..... #.....
#..J...... #.... #..K...... #...)
.......... .... ##......... ...#
#..~~..... #.~..o.... ~~~..~..~~


You could see 2 orc priests, an orc, an endoplasm and a kobold.

Vanquished Creatures
  Grinder (D:3)
  Robin (D:2)
  An adder (D:2)
  A worm (D:2)
  A dart slug (D:1)
  4 ball pythons (D:1)
  2 endoplasms
  A giant cockroach (D:1)
  15 goblins
  5 hobgoblins
  2 quokkas
  3 bats
  5 frilled lizards
  3 kobolds
  2 rats
47 creatures vanquished.

Notes
Turn   | Place    | Note
-------+----------+-------------------------------------------
     0 | D:1      | qw the Gargoyle Hunter began the quest for the Orb.
     0 | D:1      | Reached XP level 1. HP: 12/12 MP: 1/1
     0 | D:1      | 0 ||| qw: Version: 0.3-a-74-g0d5e918
     0 | D:1      | 0 ||| qw: Game counter: 184
     0 | D:1      | 0 ||| qw: Melee chars always use a shield: true
     0 | D:1      | 0 ||| qw: God list: Okawaru
     0 | D:1      | 0 ||| qw: Allow faded altars: false
     0 | D:1      | 0 ||| qw: Do Orc after clearing Dungeon:15 true
     0 | D:1      | 0 ||| qw: Do second Lair branch before Depths: true
     0 | D:1      | 0 ||| qw: Lair rune preference: random
     0 | D:1      | 0 ||| qw: Goals: Normal
     0 | D:1      | 0 ||| PLANNING D:1-11
    22 | D:1      | 22 ||| Stepping ~*~*~tactically~*~*~ (retreating).
    31 | D:1      | Reached XP level 2. HP: 12/17 MP: 2/2
   196 | D:1      | Reached XP level 3. HP: 18/21 MP: 3/3
   223 | D:1      | You fall into a shaft and drop 1 floor!
   229 | D:2      | Reached skill level 5 in Ranged Weapons
   286 | D:2      | Noticed Robin
   299 | D:2      | Killed Robin
   305 | D:2      | HP: 4/22 [goblin/+0 dagger[Robin] (3)]
   311 | D:2      | Reached skill level 3 in Fighting
   342 | D:2      | Reached XP level 4. HP: 12/28 MP: 4/4
   475 | D:2      | 475 ||| UPGRADING to +2 animal skin.
   485 | D:2      | 485 ||| DROPPING +0 leather armour.
   486 | D:2      | 486 ||| UPGRADING to +1 helmet.
   491 | D:2      | 491 ||| READING scroll labelled IPPOQ DILOINK.
   492 | D:2      | 492 ||| DROPPING scroll of butterflies.
   807 | D:1      | 807 ||| UPGRADING to +5 ring of evasion.
  1567 | D:2      | 1567 ||| READING 4 scrolls labelled UHUNAG KIAHA.
  1568 | D:2      | 1568 ||| READING scroll labelled GOODWU MOEG.
  1569 | D:2      | 1569 ||| READING scroll labelled PYUTTALITU.
  1570 | D:2      | 1570 ||| DRINKING 2 glowing amethyst potions.
  1571 | D:2      | 1571 ||| DROPPING 3 scrolls of revelation.
  1572 | D:2      | 1572 ||| DROPPING potion of degeneration.
  1584 | D:3      | Noticed Grinder
  1589 | D:3      | HP: 6/28 [Grinder (3)]
  1595 | D:3      | HP: 4/28 [Grinder/nerve-wracking pain (2)]
  1598 | D:3      | 1598 ||| FLEEEEING.
  1598 | D:3      | Paralysed by Grinder for 2 turns
  1601 | D:3      | 1601 ||| FLEEEEING.
  1602 | D:3      | 1602 ||| STAIRDANCE
  1719 | D:3      | 1719 ||| STAIRDANCE
  1808 | D:3      | Paralysed by Grinder for 3 turns
  1813 | D:3      | Killed Grinder
  1814 | D:3      | Reached skill level 7 in Ranged Weapons
  1814 | D:3      | Reached XP level 5. HP: 31/32 MP: 5/5
  1814 | D:3      | Reached XP level 6. HP: 35/37 MP: 6/6
  1908 | D:3      | Killed from afar by an orc priest

Levels and vault maps discovered:
D:1:      dpeg_arrival_shelter, layout_basic
D:2:      layout_basic, nicolae_titane, uniq_robin
D:3:      cheibrodos_helix_gallery, layout_basic, mainiacjoe_overflow_boulevard,
          minivault_26, uniq_grinder

Skill      XL: |  1  2  3  4 |
---------------+-------------+-----
Ranged Weapons | 5 7 |  7.0
Fighting       | 3 |  3.0
Dodging        | |  1.5
Stealth        | |  1.1

Action                     |  1- 3 |  4- 6 || total
---------------------------+-------+-------++-------
   Fire: Shortbow          |   114 |   109 ||   223
    Use: Scroll            |       |     4 ||     4
         Potion            |       |     1 ||     1
 Armour: Leather armour    |    45 |       ||    45
         Animal skin       |       |    15 ||    15
  Dodge: Dodged            |    60 |    37 ||    97

Table legend:
 A = Non-vault XP
 B = Vault XP
 C = Vault XP percentage of total XP
 D = Non-vault monster count
 E = Vault monster count
 F = Vault count percentage of total count
                 A         B        C        D         E       F
            +---------+---------+-------+---------+---------+-------
      Total |      71 |     308 |  81.3 |      33 |      14 |  29.8
            +---------+---------+-------+---------+---------+-------
        D:1 |      34 |       0 |   0.0 |      19 |       0 |   0.0
        D:2 |      33 |      34 |  50.7 |      11 |      12 |  52.2
        D:3 |       4 |     274 |  98.6 |       3 |       2 |  40.0
            +---------+---------+-------+---------+---------+-------
